Map: Incorporeal LE

Players

ManlyManMeat

  • Race: Zerg Zerg
  • League: Master
  • Spawn Location: 5:00

Kusanagi - Winner!

  • Race: Terran Terran
  • Spawn Location: 11:00

VOD

Have the link to the VOD?

Description

Time

  • Played on: June 15, 2025, 3:24 p.m.
  • Length: 10:47
Show
View Real Time Build Order
Export as new Build Order

ManlyManMeat Zerg 

Build Orders: Hatch First 

Get SALT Encoding   

  12  0:09  Overlord  
  12  0:17  Drone  
  12  0:18  Drone  
  14  0:28  Drone  
  15  0:31  Drone  
  16  0:41  Drone  
  17  0:52  Hatchery  
  17  0:56  Drone  
  17  1:03  Drone  
  18  1:12  Spawning Pool  
  18  1:14  Drone  
  18  1:17  Extractor  
  17  1:24  Drone  
  18  1:35  Drone  
  19  1:50  Drone  
  20  1:56  Drone  
  21  2:03  Queen x2  
  21  2:04  Overlord  
  21  2:07  Drone  
  26  2:14  Drone  
  27  2:18  Metabolic Boost  
  27  2:23  Overlord  
  27  2:27  Drone  
  28  2:32  Drone  
  28  2:36  Zergling x2  
  30  2:51  Drone x3  
  33  3:03  Drone x2, Hatchery  
  34  3:07  Roach Warren  
  33  3:17  Overlord x2  
  33  3:18  Drone  
  34  3:25  Drone x3  
  37  3:31  Queen  
  39  3:38  Queen  
  39  3:40  Drone  
  40  3:55  Drone x5  
  38  4:16  Queen  
  39  4:25  Drone x4  
  39  4:27  Queen  
  39  4:28  Overlord  
  45  4:32  Zergling x6  
  48  4:44  Drone x4  
  48  4:45  Drone  
  53  4:48  Zergling x6  
  38  5:37  Drone x2  
  38  5:38  Drone x4  
  38  5:41  Drone x2  
  38  5:42  Zergling x10  
  51  5:43  Zergling x10  
  56  6:01  Zergling x14  
  56  6:02  Zergling x4  
  65  6:04  Lair  
  65  6:08  Drone x2, Evolution Chamber  
  65  6:09  Evolution Chamber  
  55  6:18  Zergling x6  
  56  6:46  Zergling x24  
  58  7:19  Drone x3  
  58  7:20  Drone  
  60  7:25  Extractor  
  60  7:27  Spire  
  58  7:39  Drone x4  
  58  7:40  Drone x2, Overlord  
  58  7:41  Overlord x2  
  64  7:53  Zergling x4  
  64  7:54  Zergling x6  
  69  8:13  Spire  
  69  8:18  Drone x5  
  70  8:47  Mutalisk x5  
  80  8:55  Extractor  
  79  9:08  Mutalisk  
  81  9:13  Extractor  
  81  9:14  Extractor x2  
  78  9:18  Drone x4  
  78  9:19  Drone  
  83  9:24  Overlord x3  
  83  9:31  Overseer x2  
  83  9:59  Mutalisk  
Show
View Real Time Build Order
Export as new Build Order

Kusanagi Terran - Winner!

Build Orders: 2 Factory 

Get SALT Encoding   

  12  0:00  SCV  
  13  0:12  SCV  
  14  0:19  Supply Depot  
  14  0:25  SCV  
  15  0:41  SCV  
  15  0:42  Barracks  
  16  0:47  Refinery  
  16  0:53  SCV  
  17  1:05  SCV  
  18  1:16  Refinery  
  18  1:17  SCV  
  19  1:30  Orbital Command  
  19  1:32  Supply Depot  
  19  1:39  Barracks Reactor  
  19  1:56  Factory  
  19  1:57  SCV  
  20  2:06  Supply Depot  
  20  2:09  SCV  
  21  2:22  SCV  
  22  2:28  Factory  
  22  2:34  SCV  
  23  2:45  Supply Depot  
  23  2:50  Marine  
  23  2:51  SCV  
  23  2:56  Hellion x2  
  28  3:04  SCV  
  29  3:09  Barracks Tech Lab  
  29  3:13  Factory Tech Lab  
  29  3:16  SCV  
  30  3:22  Hellion  
  30  3:24  Hellion  
  34  3:34  Command Center  
  34  3:35  Infernal Pre-Igniter  
  32  4:01  Hellion x2  
  32  4:02  Hellion  
  36  4:18  SCV  
  36  4:23  Hellion x2, Supply Depot  
  39  4:30  Hellion, SCV  
  40  4:38  Starport  
  40  4:42  SCV  
  40  4:44  Hellion  
  43  4:46  Orbital Command  
  43  4:50  Refinery  
  43  4:51  Hellion  
  39  5:26  Hellion x3  
  43  5:39  SCV x2  
  45  5:47  Hellion x2  
  49  5:51  SCV  
  49  5:56  Fusion Core  
  50  5:59  Starport  
  50  6:03  Starport, SCV  
  49  6:16  Hellion  
  49  6:17  Hellion  
  39  6:52  Hellion x2  
  41  6:58  SCV x2  
  40  7:04  Hellion  
  40  7:14  Hellion x2  
  40  7:21  SCV  
  40  7:22  SCV  
  41  7:24  Starport Tech Lab x2  
  41  7:25  Starport Tech Lab  
  41  7:26  Hellion  
  43  7:42  Supply Depot  
  43  7:43  Supply Depot  
  43  7:53  Battlecruiser  
  43  7:54  Battlecruiser  
  55  8:00  SCV  
  56  8:06  Supply Depot  
  56  8:16  Battlecruiser  
  56  8:17  SCV  
  63  8:24  SCV  
  58  8:43  Hellion x2  
  58  8:45  Hellion  
  64  8:50  Barracks  
  64  8:54  Barracks  
  64  8:59  Supply Depot  
  64  9:07  Battlecruiser x2  
  64  9:08  Supply Depot  
  76  9:18  SCV  
  77  9:27  Refinery  
Tags
 
Add a new tag
Caveats
  • Supply blocks, unpowered buildings, or Contaminate may cause inaccurate times.
  • Supply counts are checked every 10 seconds.